 Dungeon Crawl Stone Soup version 0.24-a0-537-g2d01d4ab0a (webtiles) character file.

Game seed: 5501450174137164198

0 Gargoyl the Skirmisher (level 1, 0/19 HPs)
             Began as a Centaur Abyssal Knight on Aug 12, 2019.
             Was a Follower of Lugonu.
             Slain by a thrashing horror (4 damage)
             ... on level 2 of the Abyss.
             The game lasted 00:00:38 (178 turns).

Gargoyl the Skirmisher (Centaur Abyssal Knight)      Turns: 178, Time: 00:00:38

Health: 0/19       AC:  4    Str: 14    XL:     1   Next: 0%
Magic:  2/2        EV:  9    Int: 11    God:    Lugonu [*.....]
Gold:   46         SH:  0    Dex:  8    Spells: 0/0 levels left

rFire    . . .     SeeInvis .   a - +1 hand axe
rCold    . . .     Gourm    .   (no shield)
rNeg     . . .     Faith    .   b - +0 leather armour
rPois    .         Spirit   .   (no helmet)
rElec    .         Reflect  .   (no cloak)
rCorr    .         Harm     .   (no gloves)
MR       .....                  (no barding)
Stlth    ..........             (no amulet)
HPRegen  0.06/turn              (no ring)
MPRegen  0.08/turn              (no ring)

@: very quick
A: large, hooves 3, deformed body, speed 2, tough skin 3
a: Depart the Abyss, Renounce Religion


You were on level 2 of the Abyss.
You worshipped Lugonu.
Lugonu was aware of your devotion.
You were not hungry.

You visited 0 branches of the dungeon, and saw 0 of its levels.
You visited the Abyss 1 time.

You collected 46 gold pieces.

Inventory:

Hand Weapons
 a - a +1 hand axe (weapon)
Armour
 b - a +0 leather armour (worn)
Comestibles
 c - a ration


   Skills:
 + Level 3.0 Fighting
 + Level 1.7 Axes
 + Level 1.3 Armour
 + Level 0.6 Dodging
 + Level 2.0 Invocations


You couldn't memorise any spells.
You didn't know any spells.
Your spell library was empty.

Dungeon Overview and Level Annotations

Branches:
Dungeon (0/15)

Altars:


Innate Abilities, Weirdness & Mutations

You have hooves in place of feet.
Armour fits poorly on your strangely shaped body.
You cover ground very quickly.
You have extremely tough skin. (AC +3)


Message History

d - a scroll labeled LUOSYUNLOTT
As you read the scroll labeled LUOSYUNLOTT, it crumbles to dust.
You feel blessed for a moment.
It was a scroll of remove curse.
You now have 46 gold pieces (gained 16).
You feel your health improve.
Found a battleaxe.
A thrashing horror comes into view.
The thrashing horror roars!
A thrashing horror comes into view.
Tentacles burst from the starspawn's body! 2 starspawn tentacles come into view.
A large abomination comes into view.
The thrashing horror tramples you!
You hold your ground!
The thrashing horror tramples you.
You hold your ground!
The thrashing horror tramples you.
* * * LOW HITPOINT WARNING * * *
You stumble backwards!
The thrashing horror roars!
You hear a roar!
The thrashing horror tramples you.
You die...

.# ... . #.#
.#.### #.. .
# ## .# ..X
#.. .# ..# #
#.#...# # ##
..# ##.....#
..# .##
##.##..# ##.#
##.X@..#
##.##
#.##..#.....
#.##...#.#.##
...
##.#.#w..###
#
#....ยงยง..#
####..##.)#
## .#...# #..
#....
X......###


You could see a thrashing horror.

Vanquished Creatures (others)
  2 starspawn tentacles (Abyss:2)
2 creatures vanquished.

Notes
Turn   | Place    | Note
-------+----------+-------------------------------------------
     0 | Abyss:1  | Gargoyl the Centaur Abyssal Knight began the quest for the
                  | Orb.
     0 | Abyss:1  | Reached XP level 1. HP: 19/19 MP: 2/2
    37 | Abyss:1  | Noticed a freezing wraith
    41 | Abyss:1  | Noticed a bone dragon
    43 | Abyss:1  | Noticed a large abomination
    43 | Abyss:1  | Noticed a ynoxinul
    48 | Abyss:1  | Noticed a ynoxinul
    60 | Abyss:1  | Noticed a neqoxec
    70 | Abyss:1  | Noticed an ancient zyme
    81 | Abyss:1  | Noticed an iron imp
    90 | Abyss:1  | Noticed a large abomination
   171 | Abyss:2  | Noticed a thrashing horror
   173 | Abyss:2  | Noticed a tentacled starspawn
   175 | Abyss:2  | Noticed a thrashing horror
   176 | Abyss:2  | Noticed a large abomination
   178 | Abyss:2  | Slain by a thrashing horror

Levels and vault maps discovered:
Abyss:2

Action                   || total
-------------------------++-------
  Use: Scroll            ||     1
Dodge: Dodged            ||     4

Table legend:
 A = Non-vault XP
 B = Vault XP
 C = Vault XP percentage of total XP
 D = Non-vault monster count
 E = Vault monster count
 F = Vault count percentage of total count
                 A         B        C        D         E       F
            +---------+---------+-------+---------+---------+-------
      Total |       0 |       0 |   N/A |       0 |       0 |  -nan
            +---------+---------+-------+---------+---------+-------
            +---------+---------+-------+---------+---------+-------
